 Dungeon Crawl Stone Soup version 0.29-a0-91-gdebf4667c2 (webtiles) character file.

Game seed: 50879285530629817

669 enile the Firebug (level 7, -1/50 HPs)
             Began as an Octopode Fire Elementalist on Feb 8, 2022.
             Was an Initiate of Yredelemnul.
             Shot with an arrow by a centaur (12 damage)
             ... on level 5 of the Dungeon.
             The game lasted 00:09:03 (4787 turns).

enile the Firebug (Octopode Fire Elementalist)      Turns: 4787, Time: 00:09:04

Health: -1/50      AC:  5    Str:  7    XL:     7   Next: 58%
Magic:  7/11       EV: 13    Int: 19    God:    Yredelemnul [......]
Gold:   170        SH:  0    Dex: 13    Spells: 2/12 levels left

rFire   + + .      SeeInvis +   w - +1 dagger "Fedupt" {protect, rC+ rN+ SInv}
rCold   . . .      Faith    .   (no shield)
rNeg    + . .      Spirit   .   (helmet restricted)
rPois   .          Reflect  .   (no amulet)
rElec   .          Harm     .   d - +4 ring of slaying
rCorr   .          Rampage  .   b - +4 ring of protection
Will    +....                   c - ring of fire
Stlth   +++.......              e - ring of willpower
HPRegen 0.16/turn               m - ring of protection from fire
MPRegen 0.12/turn               (no ring)
                                (no ring)
                                (no ring)

@: no status effects
A: almost no armour, amphibious, 8 rings, camouflage 1, gelatinous body 1,
(nimble swimmer 1), tentacles
a: Renounce Religion, Recall Undead Harvest


You were on level 5 of the Dungeon.
You worshipped Yredelemnul.
Yredelemnul was noncommittal.
You visited 1 branch of the dungeon, and saw 5 of its levels.

You collected 170 gold pieces.

Inventory:

Hand Weapons
 g - a +0 dagger
 q - a +2 vorpal flail
 v - a +1 antimagic whip
 w - the +1 dagger "Fedupt" (weapon) {protect, rC+ rN+ SInv}
   (You found it on level 4 of the Dungeon)

   It grants its wielder temporary protection when it strikes (+7 to AC).
   rC:        It protects you from cold.
   rN:        It protects you from negative energy.
   SInv:      It lets you see invisible.
Missiles
 f - 3 silver javelins
Jewellery
 b - a +4 ring of protection (right tentacle)
 c - a ring of fire (on tentacle)
 d - a +4 ring of slaying (left tentacle)
 e - a ring of willpower (on tentacle)
 m - a ring of protection from fire (on tentacle)
Scrolls
 a - a scroll of fog
 i - 2 scrolls of teleportation
 k - a scroll of enchant armour
 l - 2 scrolls of holy word {unknown}
 n - 2 scrolls of amnesia {unknown}
 r - a scroll of magic mapping {unknown}
Potions
 h - a potion of mutation {unknown}
 j - a potion of cancellation {unknown}
 o - a potion of flight {unknown}
 p - a potion of might {unknown}
 s - a potion of ambrosia {unknown}
 t - a potion of haste {unknown}
 u - 3 potions of curing {unknown}


   Skills:
 - Level 5.0 Fighting
 - Level 3.0 Dodging
 - Level 4.0 Stealth
 - Level 3.0 Spellcasting
 - Level 2.0 Conjurations
 - Level 5.0 Fire Magic
 + Level 1.1 Invocations


You had 2 spell levels left.
You knew the following spells:

 Your Spells              Type           Power      Damage    Failure   Level
a - Foxfire               Conj/Fire      96%        2x1d8     3%          1
b - Scorch                Fire           64%        2d8       3%          2
c - Inner Flame           Hex/Fire       18%        N/A       16%         3
d - Flame Wave            Conj/Fire      24%        2d7       34%         4

Your spell library contained the following spells:

 Spells                   Type           Power      Damage    Failure   Level
 Slow                     Hex            8%         N/A       16%         1
 Static Discharge         Conj/Air       6%         N/A       16%         2
 Sublimation of Blood     Necr           2%         N/A       22%         2
 Wereblood                Tmut           2%         N/A       22%         2
 Conjure Flame            Conj/Fire      24%        6-21      11%         3
 Sticky Flame             Conj/Fire      24%        2d5       34%         4
 Confusing Touch          Hex            2%         N/A       41%         3
 Vampiric Draining        Necr           2%         2d6       41%         3
 Dispel Undead            Necr           2%         3d7       83%         4
 Summon Hydra             Summ           1%         N/A       100%        7


Dungeon Overview and Level Annotations

Branches:
Dungeon (5/15)
 Temple: D:4-7

Altars:
Makhleb
Wu Jian
Yredelemnul

Annotations:
D:4 2 transporters, SirDiesAlot's ghost, amateur SpCj


Innate Abilities, Weirdness & Mutations

You cannot wear most types of armour.
You are amphibious.
You can wear up to eight rings at the same time.
Your skin changes colour to match your surroundings (Stealth+).
Your rubbery body absorbs attacks. (AC +1, EV +1)
((You are camouflaged when in or above water. (Stealth+)))
You have tentacles for arms and can constrict up to eight enemies at once.


Message History

Search for what [Enter for "."]? .
Sorry, I don't know how to get there.
Partly explored, unvisited transporter and can't reach some places.
(D) Dungeon
Where to? (Enter - D:4 @ (x,y), ? - help)
There is an open door here.
There is a stone staircase leading down here.
You climb downwards.
There is a stone staircase leading up here.
A centaur comes into view.
Found 15 gold pieces.
The centaur shouts!
The centaur wields a +0 shortbow.
The centaur shoots an arrow.
The arrow misses you.
A centaur is nearby!
A centaur is nearby!
Casting: Foxfire (safe; 3% risk of failure)
Confirm with . or Enter, or press ? or * to list all spells.
Okay, then.
There is a stone staircase leading up here.
Casting: Foxfire (safe; 3% risk of failure)
Confirm with . or Enter, or press ? or * to list all spells.
You feel a surge of power!
Flames lash the centaur.
The centaur is heavily wounded.
The centaur's fire resistance burns away.
The centaur shoots an arrow.
The arrow closely misses you.
The centaur shoots an arrow.
The arrow hits you!
The centaur shoots an arrow.
The arrow barely misses you.
Casting: Scorch (safe; 3% risk of failure)
Confirm with . or Enter, or press ? or * to list all spells.
You feel a surge of power!
Flames lash the centaur.
The centaur is burned terribly!
The centaur is severely wounded.
The centaur shoots an arrow.
The arrow hits you.
The centaur shoots an arrow.
The arrow hits you!
The centaur shoots an arrow.
The arrow hits you!
* * * LOW HITPOINT WARNING * * *
The centaur shoots an arrow.
The arrow hits you!
You die...
Your body rises from the dead as a mindless zombie.

#. #. #.###
... ..# $.
#.####.####.#
#...........##
#@........
##.#.#####
..c....c# ..
.######## .# #


You could see a centaur (combustible).

Vanquished Creatures
  A necrophage (D:4)
  2 ogres (D:4)
  A scorpion (D:4)
  2 hounds (D:4)
  A gnoll shaman (D:4)
  A necrophage zombie (D:4)
  An ogre zombie (D:4)
  A hound zombie (D:4)
  5 adders
  7 gnolls (D:4)
  An ufetubus (D:4)
  2 adder zombies (D:4)
  A worm (D:4)
  2 dart slugs (D:2)
  6 orcs
  4 bats
  7 endoplasms
  2 giant cockroaches
  7 goblins
  7 hobgoblins
  4 jackals
  4 quokkas
  3 ball pythons
  4 frilled lizards
  5 kobolds
  An orc zombie (D:4)
  5 rats
87 creatures vanquished.

Vanquished Creatures (collateral kills)
  A water moccasin skeleton (D:3)
  A gnoll (D:4)
  An endoplasm (D:1)
  2 hobgoblins
  A frilled lizard (D:2)
6 creatures vanquished.

Vanquished Creatures (others)
  A hound zombie (D:4)
  A worm zombie (D:4)
  A bat zombie (D:2)
  3 gnoll zombies (D:4)
  A goblin zombie (D:4)
  2 hobgoblin zombies (D:4)
  A spectral endoplasm (D:3)
  215 foxfires
  A withered plant (D:3)
226 creatures vanquished.

Grand Total: 319 creatures vanquished

Notes
Turn   | Place    | Note
-------+----------+-------------------------------------------
     0 | D:1      | enile the Octopode Fire Elementalist began the quest for
                  | the Orb.
     0 | D:1      | Reached XP level 1. HP: 11/11 MP: 3/3
    75 | D:1      | Reached skill level 1 in Fighting
   250 | D:1      | Found a faded altar of an unknown god.
   255 | D:1      | Reached XP level 2. HP: 18/18 MP: 3/5
   304 | D:1      | Prayed at the altar of an unknown god.
   304 | D:1      | Became a worshipper of Yredelemnul the Dark
   304 | D:1      | Reached * piety under Yredelemnul
   616 | D:1      | Reached ** piety under Yredelemnul
  1057 | D:2      | Reached XP level 3. HP: 25/25 MP: 6/6
  1324 | D:2      | Learned a level 2 spell: Scorch
  1875 | D:2      | Reached XP level 4. HP: 31/31 MP: 3/7
  2395 | D:3      | Learned a level 3 spell: Inner Flame
  2519 | D:3      | Found a basalt altar of Yredelemnul.
  2618 | D:3      | Reached XP level 5. HP: 36/36 MP: 1/9
  2800 | D:3      | Found an ornate altar of the Wu Jian Council.
  3166 | D:4      | Reached XP level 6. HP: 37/43 MP: 4/10
  3735 | D:4      | Found a burning altar of Makhleb.
  3814 | D:4      | Noticed a necrophage
  3822 | D:4      | Killed a necrophage
  3823 | D:4      | Reached XP level 7. HP: 48/48 MP: 6/11
  3852 | D:4      | Reached skill level 5 in Fire Magic
  3959 | D:4      | Learned a level 4 spell: Flame Wave
  4181 | D:4      | Noticed SirDiesAlot's ghost (amateur SpCj)
  4182 | D:4      | Found a transporter.
  4194 | D:4      | Found a transporter.
  4469 | D:4      | Reached skill level 5 in Fighting
  4469 | D:4      | Reached skill level 1 in Invocations
  4656 | D:4      | Identified the +1 dagger "Fedupt" {protect, rC+ rN+ SInv}
  4777 | D:5      | Entered Level 5 of the Dungeon
  4787 | D:5      | Shot with an arrow by a centaur

Illustrated notes

Levels and vault maps discovered:
D:1:      nzn_arrival_crosshair, layout_rooms,
          hellmonk_ecumenical_altar_dog_temple, minmay_tetromino_t2
D:2:      layout_basic, amethyst_killhole, kennysheep_generic_room_6
D:3:      layout_rooms, nzn_wu_jian_contemplation, yredelemnul_altar_generic
D:4:      minmay_inner_zag, layout_basic, lemuel_tele_altar,
          gammafunk_ghost_smash, corexii_checkpoint_b
D:5:      layout_basic, chequers_garden

Skill      XL: |  1  2  3  4  5  6  7 |
---------------+----------------------+-----
Fighting       | 1 2 3 4 5 |  5.0
Spellcasting   | 3 |  3.0
Fire Magic     | 4 5 |  5.0
Conjurations   | 2 |  2.0
Stealth        | 4 |  4.0
Dodging        | 3 |  3.0
Invocations    | 1 |  1.1

Action                   |  1- 3 |  4- 6 |  7- 9 || total
-------------------------+-------+-------+-------++-------
Melee: Unarmed           |    16 |       |       ||    16
       Constrict         |     8 |     2 |     1 ||    11
       Tentacles         |     4 |       |     2 ||     6
       Dagger            |     9 |     1 |       ||    10
       Flail             |       |     6 |     3 ||     9
 Cast: Foxfire           |    76 |    58 |     4 ||   138
       Scorch            |       |    15 |     9 ||    24
       Inner Flame       |       |     2 |     3 ||     5
  Use: Scroll            |       |     3 |       ||     3
 Stab: Sleeping          |     1 |       |       ||     1
       Distracted        |     1 |       |       ||     1
Armor: Skin              |     6 |     8 |       ||    14
Dodge: Dodged            |    18 |    20 |     7 ||    45

Table legend: (Time is in decaauts)
 A = Elapsed time spent in this place.
 B = Non-inter-level travel time spent in this place.
 C = Inter-level travel time spent in this place.
 D = Time resting spent in this place.
 E = Time spent auto-exploring this place.
 F = Levels seen in this place.
 G = Mean time per level.
                   A        B        C        D        E       F      G
               +--------+--------+--------+--------+--------+-----+--------+
         Total |   4787 |   4470 |    317 |      0 |   3778 |   5 |  957.4 |
       Dungeon |   4787 |   4470 |    317 |      0 |   3778 |   5 |  957.4 |
               +--------+--------+--------+--------+--------+-----+--------+

Top non-repeatable levels by time:
     D:4: 1852 daAuts
     D:2: 1186 daAuts
     D:1: 1033 daAuts
     D:3: 704 daAuts
     D:5: 9 daAuts
